 Dungeon Crawl Stone Soup version 0.29-a0-410-g9596d59a08 (webtiles) character file.

Game seed: 3503054910510635804

88 Ge0ff the Cudgeller (level 4, 0/29 HPs)
             Began as a Gargoyle Monk on May 14, 2022.
             Slain by an orc priest
             ... wielding a +0 flail of protection
              (9 damage)
             ... on level 1 of the Dungeon.
             The game lasted 00:03:16 (2316 turns).

Ge0ff the Cudgeller (Gargoyle Monk)                 Turns: 2316, Time: 00:03:17

Health: 0/29       AC: 14    Str: 16 (17) XL:     4   Next: 53%
Magic:  4/4        EV:  5    Int:  8 (10) God:
Gold:   52         SH:  0    Dex: 10 (12) Spells: 3/3 levels left

rFire   . . .      SeeInvis .   a - +0 mace
rCold   . . .      Faith    .   (no shield)
rNeg    + . .      Spirit   .   r - +0 plate armour
rPois   ∞          Reflect  .   (no helmet)
rElec   +          Harm     .   (no cloak)
rCorr   .          Rampage  .   (no gloves)
Will    .....                   (no boots)
Stlth   ..........              (no amulet)
HPRegen 0.09/turn               (no ring)
MPRegen 0.09/turn               (no ring)

@: flying
A: sickness immunity, AC +3, negative energy resistance 1, electricity
resistance, torment resistance 1, petrification resistance
a: no special abilities


You were on level 1 of the Dungeon.
You visited 1 branch of the dungeon, and saw 2 of its levels.

You collected 52 gold pieces.

Inventory:

Hand Weapons
 a - a +0 mace (weapon)
Armour
 b - a +0 robe
 r - a +0 plate armour (worn)
Scrolls
 p - 2 scrolls of identify {unknown}
 u - a scroll of blinking {unknown}


   Skills:
 + Level 3.9 Fighting
 + Level 4.6 Maces & Flails
 - Level 1.0 Armour
 - Level 2.4 Dodging
 - Level 2.1 Stealth


You had 3 spell levels left.
You didn't know any spells.
Your spell library was empty.

Dungeon Overview and Level Annotations

Branches:
Dungeon (2/15)

Altars:

Annotations:
D:2 Robin


Innate Abilities, Weirdness & Mutations

You are immune to sickness and miasma.
Your stone body is resilient. (AC +3)
You are immune to poison.
You resist negative energy. (rN+)
You are resistant to electric shocks. (rElec)
You are resistant to unholy torment.
You are immune to petrification.


Message History

The orc priest mumbles some strange prayers to Beogh against you.
You barely resist.
You're too confused to move!
The orc priest hits you but does no damage.
You bump into the rock wall.
The orc priest hits you but does no damage.
You bump into the rock wall.
You feel less invigorated.
You feel less confused.
The orc priest mumbles some strange prayers to Beogh against you.
Pain shoots through your body!
You barely miss the orc priest.
The orc priest is lightly wounded.
The orc priest hits you but does no damage.
You closely miss the orc priest.
The orc priest is lightly wounded.
The orc priest hits you with a +0 flail of protection.
* * * LOW HITPOINT WARNING * * *
You hit the orc priest but do no damage.
The orc priest is lightly wounded.
The orc priest hits you but does no damage.
The orc priest closely misses you.
It was a potion of degeneration.
There was something very wrong with that liquid.
You feel weakened.
You feel dopey.
You feel clumsy.
The orc priest hits you with a +0 flail of protection.
* * * LOW HITPOINT WARNING * * *
It was a potion of flight.
You feel very buoyant.
You fly up into the air.
The orc priest completely misses you.
It was a potion of curing.
You feel better.
The orc priest hits you but does no damage.
You hit the orc priest.
The orc priest is moderately wounded.
The orc priest begins to cast a cantrip, but forgets the words!
You barely miss the orc priest.
The orc priest is moderately wounded.
The orc priest hits you but does no damage.
You hit the orc priest. Your punch misses the orc priest.
The orc priest is heavily wounded.
The orc priest hits you but does no damage.
You closely miss the orc priest.
The orc priest is heavily wounded.
The orc priest looks encouraged for a moment.
You hit the orc priest but do no damage.
The orc priest is heavily wounded.
The orc priest hits you but does no damage.
You closely miss the orc priest.
The orc priest is heavily wounded.
The orc priest hits you with a +0 flail of protection!
You die...

...#
#)##.###.####P♣P♣♣♣♣♣P.#
♣..## #.##.#
#......PP♣♣.P..## ♣♣..#
#.##.# #.####..PPPP♣.##
♣...# #.##.# #.#
####....## P.P.# #.##.#
#.# ###### ....# #.##.#
#.# ....#####.##.# #.#
.............# #[####
..........#### #@)..#
########### #o##.# #
#....# # #.#### # #.# #
#.# # #.# # #.# # #.#


You could see an orc priest.

Vanquished Creatures
  An orc priest (D:2)
  A dart slug (D:1)
  3 orcs
  2 ball pythons (D:1)
  2 bats (D:1)
  5 endoplasms
  2 giant cockroaches
  7 goblins
  14 hobgoblins
  A quokka (D:1)
  2 frilled lizards
  2 kobolds (D:1)
  6 rats (D:1)
  A toadstool (D:1)
49 creatures vanquished.

Vanquished Creatures (others)
  4 plants (D:1)
  3 toadstools (D:1)
7 creatures vanquished.

Grand Total: 56 creatures vanquished

Notes
Turn   | Place    | Note
-------+----------+-------------------------------------------
     0 | D:1      | Ge0ff the Gargoyle Monk began the quest for the Orb.
     0 | D:1      | Reached XP level 1. HP: 14/14 MP: 1/1
   160 | D:1      | Reached XP level 2. HP: 7/19 MP: 2/2
   911 | D:1      | Reached skill level 4 in Maces & Flails
   927 | D:1      | Reached XP level 3. HP: 23/23 MP: 3/3
  1206 | D:1      | Reached skill level 1 in Armour
  1650 | D:2      | Noticed Robin
  1934 | D:2      | Reached XP level 4. HP: 25/29 MP: 4/4
  2316 | D:1      | Slain by an orc priest

Illustrated notes

Levels and vault maps discovered:
D:1:      ldierk_water_garden, layout_loops_ring, serial_forest,
          infiniplex_forest_clump_large, infiniplex_forest_clump_C,
          infiniplex_forest_clump_tiny, infiniplex_forest_straight_2,
          infiniplex_forest_straight_4, infiniplex_forest_zigzag_2,
          minmay_misc_feat_pillars
D:2:      layout_loops_cross, uniq_jessica, uniq_crazy_yiuf_cottage, uniq_robin

Skill      XL: |  1  2  3 |
---------------+----------+-----
Maces & Flails | 4 |  4.6
Armour         | 1 |  1.0
Fighting       | |  3.9
Dodging        | |  2.4
Stealth        | |  2.1

Action                   |  1- 3 |  4- 6 || total
-------------------------+-------+-------++-------
Melee: Mace              |   126 |    51 ||   177
       Punch             |     2 |       ||     2
  Use: Potion            |       |     4 ||     4
 Stab: Sleeping          |     1 |       ||     1
Armor: Robe              |    13 |       ||    13
       Plate armour      |    68 |    37 ||   105
Dodge: Dodged            |    40 |    18 ||    58

Table legend: (Time is in decaauts)
 A = Elapsed time spent in this place.
 B = Non-inter-level travel time spent in this place.
 C = Inter-level travel time spent in this place.
 D = Time resting spent in this place.
 E = Time spent auto-exploring this place.
 F = Levels seen in this place.
 G = Mean time per level.
                   A        B        C        D        E       F      G
               +--------+--------+--------+--------+--------+-----+--------+
         Total |   2357 |   2328 |     29 |      0 |   1838 |   2 | 1178.5 |
       Dungeon |   2357 |   2328 |     29 |      0 |   1838 |   2 | 1178.5 |
               +--------+--------+--------+--------+--------+-----+--------+

Top non-repeatable levels by time:
     D:1: 2196 daAuts
     D:2: 160 daAuts
